Kradschützen Motorcycle Team
Construct Light Support Kompanie
Construct Mechanized Kompanie
Selects Armored Support Battlegroup
Selects Flammpanzer III Medium Tank
Selects Command Panzer IV F Medium Tank
Marder III Tank Destroyer
Selects Vehicle Awareness
Pak 38 Anti-tank Gun Team
le.IG 18 Mechanized Group
Construct Panzerarmee Kommand
Marder III Tank Destroyer
Marder III Tank Destroyer
18-tonne Recovery Half-track
Flammpanzer III Medium Tank
Flak 36 Anti-tank Gun Team